AoeStats
← Bider

African Clearing

505138002Analyzed
4v4 RM · 23d ago on Sep 8, 2026· 19m 54s· 8 players
Game mode
Random Map
Map size
Large (8 player)
Population
200
Speed
Normal
Resources
Standard
Victory
Conquest
Starting age
Dark Age
Ending age
Imperial Age
RankedLock teamsTeams togetherTeam positionsShared explorationLock speedFull tech treeHidden civsTurbo modeCheats
Victory
Defeat
🇧🇴 Chinese · Bolivia
1465
+16
🇲🇽 Vietnamese · Mexico
1405
+19
🇲🇽 Huns · Mexico
1369
+20
🇨🇴 Romans · Colombia
1353
+21
🇲🇽 Wei · Mexico
1510
-21
🇮🇹 Malians · Italy
1496
-20
🇺🇸 Vietnamese · United States
1428
-18
🇺🇸 Jurchens · United States
1418
-17
Bider
7:02 Loom
12:41 Feudal Age
16:37 Castle Age
15:56 Double-Bit Axe
19:04 Squires
19:19 Forging
KhalDrogo
6:31 Loom
11:57 Feudal Age
12:33 Double-Bit Axe
18:01 Horse Collar
Kyphosis
14:45 Feudal Age
16:31 Loom
19:05 Castle Age
17:44 Double-Bit Axe
19:58 Wheelbarrow
VL Genghis Khan!!!
8:35 Loom
HK El Primo
11:34 Feudal Age
11:21 Loom
17:27 Forging
19:42 Horse Collar
AM | DEMONIO_MX
10:28 Loom
12:56 Feudal Age
13:27 Double-Bit Axe
Andres_bc81
6:55 Loom
13:07 Feudal Age
13:09 Man-at-Arms
18:31 Forging
AM | Chuchito
3:25 Loom
12:38 Feudal Age
14:15 Double-Bit Axe
16:36 Fletching
Connection lost

Rejoining the realm…

Still unreachable

The connection could not be restored.

Session expired

The server has moved on; the page needs a fresh start.